 Dungeon Crawl Stone Soup version 0.31.0-12-g77e489cdc1 (webtiles) character file.

Game seed: 9201754761424040198

1652 aheadsoundss the Placeless Cat (level 8, -7/42 HPs)
             Began as a Felid Chaos Knight on Feb 26, 2024.
             Was a Plaything of Xom.
             Mangled by Pikel the warg (18 damage)
             ... on level 6 of the Dungeon.
             The game lasted 00:24:46 (5406 turns).

aheadsoundss the Placeless Cat (Felid Chaos Knight) Turns: 5406, Time: 00:24:46

Health: -7/42      AC:  4    Str:  8    XL:     8   Next: 68%
Magic:  0/9        EV: 19    Int: 25    God:    Xom [.....*]
Gold:   269        SH:  0    Dex: 19    Spells: 0/7 levels left
                                        Lives:  0   Deaths: 3

rFire   x .          .
                       - Unarmed
rCold   . . .        (shield unavailable)
rNeg    . . .        (body armour unavailable)
rPois   .            (helmet unavailable)
rElec   .            (cloak unavailable)
rCorr   .            (gloves unavailable)
SInv    +            (boots unavailable)
Will    +....        (no amulet)
Stlth   +++          b - +6 ring of intelligence
HPRegen 0.27/turn    (no ring)
MPRegen 0.11/turn

%: clarity
@: no status effects
A: very small, claws 1, fangs 3, see invisible, shaggy fur 2, stealthy paws, no
weapons or thrown items, no armour, multi-lived, horns 2, iridescent scales 1,
agile 1, clarity, clever 1, heat vulnerability 1, MP-powered wands
a: Renounce Religion


You were on level 6 of the Dungeon.
You worshipped Xom.
You were Xom's teddy bear.
You visited 1 branch of the dungeon, and saw 6 of its levels.

You collected 269 gold pieces.

Inventory:

Jewellery
 b - a +6 ring of intelligence (left paw)
Wands
 a - a wand of paralysis (3)
 j - a wand of polymorph (12)
 k - a wand of flame (6) (quivered)
 l - a wand of roots (11)
Scrolls
 e - 2 scrolls of enchant armour
 h - 2 scrolls of revelation
 i - 2 scrolls of vulnerability
 m - a scroll of enchant weapon
 n - a scroll of acquirement
 o - a scroll of teleportation
Potions
 f - a potion of degeneration
 p - a potion of lignification {unknown}


   Skills:
 - Level 4.3 Fighting
 - Level 4.5 Dodging
 - Level 3.1 Stealth
 * Level 4.6 Unarmed Combat
 - Level 9.0 Hexes
 - Level 9.0 Translocations
 - Level 2.2 Evocations


You couldn't memorise any spells.
You knew the following spells:

 Your Spells              Type           Power      Damage    Failure   Level
a - Tukima's Dance        Hex            45%        N/A       1%          3
b - Manifold Assault      Tloc           45%        N/A       3%          4

Your spell library contained the following spells:

 Spells                   Type           Power      Damage    Failure   Level
 Passage of Golubria      Tloc           45%        N/A       3%          4
 Cigotuvi's Dreadful Rot  Necr/Alch/Air  0%         N/A       21%         2
 Fugue of the Fallen      Necr           0%         N/A       38%         3
 Ozocubu's Armour         Ice            0%         N/A       38%         3
 Yara's Violent Unravell  Hex/Alch       11%        3d6       52%         5
 Arcjolt                  Conj/Air       0%         1d10      98%         5
 Chain Lightning          Conj/Air       0%         N/A       100%        9


Dungeon Overview and Level Annotations

Branches:
Dungeon (6/15)
 Temple: D:4-7

Altars:
Gozag
Trog
Xom
The Shining One

Annotations:
D:6 Pikel


Innate Abilities, Weirdness & Mutations

You have sharp claws.
You have razor-sharp teeth.
You have supernaturally acute eyesight. (SInv)
You are covered in thick fur. (AC +2)
Your paws help you pounce on unaware monsters.
You are incapable of wielding weapons or throwing items.
You cannot wear armour.
You gain extra lives every three experience levels.
You have a pair of horns on your head.
You are partially covered in iridescent scales. (AC +2)
You are agile. (Dex +4, Str/Int -1)
You possess an exceptional clarity of mind.
Your mind is acute. (Int +4, Str/Dex -1)
You are vulnerable to heat. (rF-)
You expend magic power (3 MP) to strengthen your wands.


Message History

Pikel is outlined in light.
The lemure is outlined in light.
The lemure closely misses you.
You scratch the lemure.
The lemure is severely wounded.
The lemure completely misses you.
You scratch the lemure. You claw the lemure.
The lemure is almost dead.
The lemure misses you.
You scratch the lemure.
You kill the lemure!
That felt strangely unrewarding.
Pikel hits you but does no damage.
Casting: Manifold Assault (dangerous; 3% risk of failure)
Confirm with . or Enter, or press ? or * to list all spells.
You don't have enough magic to cast this spell.
Aiming: Polymorph
Press: ? - help, Shift-Dir - straight line, f/p - Pikel
Aim: Pikel, wearing a +0 robe (lightly wounded, confused, softly glowing, will become a glowing orange brain, a warg, or a swamp dragon, chance to affect: 55%) Pikel resists with significant effort.
Pikel hits you.
Pikel hits himself but does no damage.
Aiming: Polymorph
Press: ? - help, Shift-Dir - straight line, f/p - Pikel
Aim: Pikel, wearing a +0 robe (lightly wounded, confused, softly glowing, will become a glowing orange brain, a warg, or a swamp dragon, chance to affect: 54%) Pikel evaporates and reforms as a warg!
Pikel closely misses you.
You scratch Pikel but do no damage.
Pikel is lightly wounded.
Pikel barely misses you.
You scratch Pikel but do no damage. Your headbutt misses Pikel. You claw Pikel.
Pikel is lightly wounded.
Pikel closely misses you. Pikel bites you!!
Ouch! That really hurt!
* * * LOW HITPOINT WARNING * * *
You closely miss Pikel. You headbutt Pikel, but do no damage.
Pikel is lightly wounded.
Pikel barely misses you.
You scratch Pikel.
Pikel is moderately wounded.
Pikel bites you!!
You die...
Xom cackles wildly!

##.....## #.§...##
*#########......####
*.5.D§)............#
**...#####§§..#####.. #,,***
###### ### ####.,* ##### # *
#..._.######...##
**,......h@§§.○##..## ##
**,,####./..§######..######.
**,,** ##..### ##........
*,*** ##.* ######### *** #.*
*# *#.* *. *.#* ## *#*


You could see Pikel the warg.

Vanquished Creatures
  A steam dragon (D:6)
  Menkaure (D:4)
  Edmund (D:6)
  2 water moccasins
  An ogre (D:4)
  A centaur (D:5)
  3 lemures (D:6)
  3 scorpions
  A jelly (D:5)
  A bombardier beetle (D:5)
  2 hounds (D:5)
  4 iguanas
  3 orc wizards
  Robin (D:3)
  5 gnolls (D:5)
  7 adders
  A shadow imp (D:5)
  An ufetubus (D:6)
  13 orcs
  4 bats
  8 endoplasms
  5 giant cockroaches
  17 goblins
  8 hobgoblins
  9 quokkas
  4 ball pythons
  5 frilled lizards
  2 kobolds
  6 rats
120 creatures vanquished.

Vanquished Creatures (collateral kills)
  An ogre (D:5)
  Ijyb (D:3)
2 creatures vanquished.

Vanquished Creatures (others)
  Grinder (D:5)
  3 dancing weapons
  An ice beast (D:5)
  A white imp (D:5)
6 creatures vanquished.

Grand Total: 128 creatures vanquished

Notes
Turn   | Place    | Note
-------+----------+-------------------------------------------
     0 | D:1      | aheadsoundss the Felid Chaos Knight began the quest for the
                  | Orb.
     0 | D:1      | Reached XP level 1. HP: 12/12 MP: 2/2
   110 | D:1      | Found a faded altar of an unknown god.
   141 | D:1      | XOM: 5-stop teleportation journey
   196 | D:1      | Reached XP level 2. HP: 16/16 MP: 3/3
   368 | D:1      | XOM: stat loss: -1 Str (7/8)
   451 | D:1      | Reached skill level 1 in Stealth
   697 | D:2      | XOM: butterfly on damage
   723 | D:2      | Reached XP level 3. HP: 9/20 MP: 4/4
   724 | D:2      | XOM: give mutations
   724 | D:2      | Gained mutation: Your mind is acute. (Int +4, Str/Dex -1)
                  | [Xom's mischief]
   724 | D:2      | Gained mutation: Your mind is very acute. (Int +8, Str/Dex
                  | -2) [Xom's mischief]
   724 | D:2      | Gained mutation: You have a pair of small horns on your
                  | head. [Xom's mischief]
   724 | D:2      | Gained mutation: You possess an exceptional clarity of
                  | mind. [Xom's mischief]
   770 | D:2      | XOM: torment (11/20 hp)
   901 | D:2      | Reached skill level 1 in Evocations
  1178 | D:2      | HP: 1/20 [adder (1)]
  1297 | D:2      | XOM: give mutations
  1297 | D:2      | Lost mutation: You have a pair of small horns on your head.
                  | [Xom's mischief]
  1297 | D:2      | Gained mutation: You are frail. (-10% HP) [Xom's mischief]
  1297 | D:2      | Lost mutation: You are frail. (-10% HP) [Xom's mischief]
  1297 | D:2      | Lost mutation: Your mind is very acute. (Int +8, Str/Dex
                  | -2) [Xom's mischief]
  1658 | D:3      | Reached XP level 4. HP: 21/24 MP: 5/5
  1658 | D:3      | Gained a life (2 lives remaining)
  1743 | D:3      | XOM: enchant monster (bad)
  1747 | D:3      | XOM: 3-stop teleportation journey
  2022 | D:3      | XOM: give mutations
  2022 | D:3      | Gained mutation: You expend magic power (3 MP) to
                  | strengthen your wands. [Xom's grace]
  2022 | D:3      | Gained mutation: You have a pair of small horns on your
                  | head. [Xom's grace]
  2022 | D:3      | Gained mutation: You are partially covered in iridescent
                  | scales. (AC +2) [Xom's grace]
  2022 | D:3      | Gained mutation: You passively dampen the noise of your
                  | surroundings. [Xom's grace]
  2028 | D:3      | Noticed Robin
  2047 | D:3      | XOM: cleaving
  2081 | D:3      | Killed Robin
  2082 | D:3      | Reached XP level 5. HP: 18/29 MP: 6/6
  2188 | D:3      | XOM: give mutations
  2188 | D:3      | Gained mutation: You have a pair of horns on your head.
                  | [Xom's grace]
  2188 | D:3      | Gained mutation: Your spells are a little harder to cast,
                  | but a little more powerful. [Xom's grace]
  2221 | D:3      | Found an opulent altar of Gozag.
  2239 | D:3      | Noticed Ijyb
  2246 | D:3      | Killed Ijyb
  2360 | D:3      | XOM: give mutation
  2360 | D:3      | Gained mutation: You are robust. (+10% HP) [Xom's grace]
  2440 | D:4      | XOM: give mutations
  2440 | D:4      | Lost mutation: You are robust. (+10% HP) [Xom's mischief]
  2440 | D:4      | Lost mutation: You are partially covered in iridescent
                  | scales. (AC +2) [Xom's mischief]
  2501 | D:4      | XOM: scenery: summon butterflies
  2617 | D:4      | XOM: give mutations
  2617 | D:4      | Lost mutation: Your spells are a little harder to cast, but
                  | a little more powerful. [Xom's mischief]
  2617 | D:4      | Gained mutation: You are partially covered in iridescent
                  | scales. (AC +2) [Xom's mischief]
  2617 | D:4      | Gained mutation: You are vulnerable to heat. (rF-) [Xom's
                  | mischief]
  2701 | D:4      | Gained mutation: You are covered in thick fur. (AC +2)
                  | [Felid growth]
  2701 | D:4      | Reached XP level 6. HP: 12/34 MP: 7/7
  2857 | D:4      | Learned a level 3 spell: Tukima's Dance
  2885 | D:4      | Noticed Menkaure
  2885 | D:4      | XOM: 5-stop teleportation journey
  2962 | D:4      | XOM: polymorph iguana -> ogre
  3161 | D:4      | XOM: butterfly on damage
  3163 | D:4      | Killed Menkaure
  3164 | D:4      | Reached XP level 7. HP: 21/38 MP: 5/8
  3414 | D:5      | Entered Level 5 of the Dungeon
  3414 | D:5      | Noticed Grinder
  3421 | D:5      | Killed Grinder
  3423 | D:5      | Mangled by an ogre
  3423 | D:5      | Lost a life (1 life remaining)
  3447 | D:5      | XOM: god gift: wand of paralysis (6)
  3477 | D:5      | XOM: chaos upgrade
  3484 | D:5      | XOM: summons friendly crimson imp
  3489 | D:5      | Reached skill level 5 in Hexes
  3489 | D:5      | Reached skill level 5 in Translocations
  3525 | D:4      | XOM: give mutations
  3525 | D:4      | Gained mutation: You are agile. (Dex +4, Str/Int -1) [Xom's
                  | mischief]
  3525 | D:4      | Lost mutation: You passively dampen the noise of your
                  | surroundings. [Xom's mischief]
  3631 | D:5      | XOM: torment (9/38 hp)
  3633 | D:5      | Incinerated by a bombardier beetle
  3633 | D:5      | Lost a life (0 lives remaining)
  3670 | D:5      | XOM: 1-stop teleportation journey
  3690 | D:5      | XOM: smoke on damage
  3965 | D:5      | XOM: stat loss: -1 Str (5/8)
  4212 | D:5      | Reached XP level 8. HP: 9/42 MP: 9/9
  4212 | D:5      | Gained a life (1 life remaining)
  4215 | D:5      | HP: 2/42 [poisoned by a water moccasin]
  4547 | D:5      | XOM: enchant monster (bad)
  4796 | D:5      | Got the Elucidation of Vapour
  4814 | D:6      | Noticed Edmund
  4814 | D:6      | Found a bloodstained altar of Trog.
  4815 | D:6      | Found a glowing golden altar of the Shining One.
  4816 | D:6      | XOM: blink monster(s)
  4820 | D:6      | XOM: divination: magic mapping
  4824 | D:6      | XOM: silly message
  4825 | D:6      | Mangled by Edmund
  4825 | D:6      | Lost a life (0 lives remaining)
  4849 | D:6      | Killed Edmund
  4882 | D:6      | XOM: enchant monster (bad)
  4989 | D:6      | Learned a level 4 spell: Manifold Assault
  5001 | D:6      | XOM: confuse monster(s)
  5102 | D:6      | XOM: god gift: 15 gold pieces
  5156 | D:6      | Noticed Pikel
  5167 | D:6      | XOM: divination: magic mapping
  5173 | D:6      | XOM: fog
  5215 | D:6      | Identified a scroll of acquirement
  5232 | D:6      | XOM: polymorph lemure -> ufetubus
  5380 | D:6      | XOM: confuse monster(s)
  5385 | D:6      | XOM: smoke on damage
  5394 | D:6      | XOM: scenery: create altars
  5395 | D:6      | XOM: fake destruction
  5402 | D:6      | Pikel changed into Pikel the warg
  5402 | D:6      | Noticed Pikel
  5406 | D:6      | Mangled by Pikel the warg

Illustrated notes

Levels and vault maps discovered:
D:1:      dpeg_arrival_rhombus, layout_basic, hellmonk_ecumenical_altar_run_dry
D:2:      layout_loops_cross, minmay_misc_feat_plants, minmay_misc_feat_pillars
D:3:      layout_loops_ring, grunt_gozag_statues, serial_rivers,
          chequers_serial_rivers_room_b, chequers_serial_rivers_room_b,
          chequers_serial_rivers_micro_a, chequers_serial_rivers_marsh,
          chequers_serial_rivers_room_b, chequers_serial_rivers_small_b,
          solitary_fountain, uniq_robin, uniq_ijyb
D:4:      layout_cave_pools, chequers_serial_rivers_large_b,
          serial_library_hellmonk_statue_hall, minmay_unequal, uniq_menkaure
D:5:      minmay_opposing_rooms, layout_layer_cave, lemuel_flamethrower_2,
          uniq_grinder
D:6:      layout_layer_cave, chequers_temple_overflow_statue_of_worship,
          uniq_edmund, uniq_blork_the_orc, uniq_maggie, uniq_duvessa, uniq_pikel

Skill      XL: |  1  2  3  4  5  6  7  8 |
---------------+-------------------------+-----
Stealth        | 1 2 3 |  3.1
Evocations     | 1 2 |  2.2
Dodging        | 4 |  4.5
Unarmed Combat | 4 |  4.6
Fighting       | 4 |  4.3
Hexes          | 3 6 9 |  9.0
Translocations | 3 6 9 |  9.0

Action                     |  1- 3 |  4- 6 |  7- 9 || total
---------------------------+-------+-------+-------++-------
  Melee: Unarmed           |   105 |   162 |   233 ||   500
         Bite              |    13 |    18 |    30 ||    61
         Punch             |     3 |     1 |     9 ||    13
         Headbutt          |     1 |    13 |    44 ||    58
   Cast: Tukima's Dance    |       |     1 |     5 ||     6
         Manifold Assault  |       |       |     5 ||     5
  Evoke: Wand              |       |       |    17 ||    17
    Use: Potion            |     2 |       |     9 ||    11
         Scroll            |       |       |     9 ||     9
   Stab: Sleeping          |     4 |     5 |     3 ||    12
         Distracted        |       |       |     1 ||     1
 Armour: Skin              |    31 |    48 |    99 ||   178
  Dodge: Dodged            |    57 |   144 |   220 ||   421
